 Dungeon Crawl Stone Soup version 0.31.0-12-g77e489cdc1 (webtiles) character file.

Game seed: 15327843953304560893

67848 DildoBatman the Geomancer (level 15, -14/118 (120) HPs)
             Began as a Formicid Conjurer on Mar 1, 2024.
             Was an Initiate of Gozag.
             Demolished by a komodo dragon (27 damage)
             ... on level 5 of the Lair of Beasts.
             The game lasted 01:26:27 (19370 turns).

DildoBatman the Geomancer (Formicid Conjurer)      Turns: 19370, Time: 01:26:28

HP:   -14/118 (120) AC:  6    Str: 11    XL:     15   Next: 67%
MP:   24/29         EV: 16    Int: 34    God:    Gozag
Gold: 4601          SH:  7    Dex: 20    Spells: 15/34 levels left

rFire   . . .        c - +6 orcbow "Hisita" {heavy, rPois rN+ Int+2 Stlth-}
rCold   . . .        h - +0 buckler
rNeg    + + .        C - +0 robe of the Harvest Moon {Regen+ Int+6 Dex+2 Stlth+}
rPois   +            (helmet unavailable)
rElec   .            D - scarf {+Inv}
rCorr   .            (no gloves)
SInv    +            S - +2 pair of boots {Fly}
Will    +....        r - amulet of regeneration
Stlth   +++          R - +6 ring of dexterity
HPRegen 1.99/turn    J - ring of positive energy
MPRegen 0.21/turn

%: no passive effects
@: gold aura, flying, studying Maces & Flails, lightly drained
A: permanent stasis, dig shafts and tunnels, antennae 3, four strong arms, sense
surroundings 1
a: Dig, Shaft Self, Renounce Religion, Evoke Invisibility, Potion Petition, Call
Merchant, Bribe Branch


You were on level 5 of the Lair of Beasts.
You worshipped Gozag.
Gozag was most pleased with you.
You visited 4 branches of the dungeon, and saw 19 of its levels.
You also visited: Bailey and Volcano.

You collected 5129 gold pieces.
You spent 388 gold pieces at shops.
You paid 140 gold pieces to Gozag.

Inventory:

Hand Weapons
 a - the +7 Throatcutter {drain, coup de grace}
   (You found it on level 6 of the Dungeon)
 c - the +6 orcbow "Hisita" (weapon) {heavy, rPois rN+ Int+2 Stlth-}
   (You found it on level 1 of the Lair of Beasts)

   Int+2:     It affects your intelligence (+2).
   rPois:     It protects you from poison rN+: It protects you from negative
   energy.
   Stlth-:    It makes you less stealthy.
Missiles
 k - 5 throwing nets
 p - 4 darts of dispersal
 y - 4 silver javelins
 A - 63 poisoned darts
 F - 3 curare-tipped darts
Armour
 h - a +0 buckler (worn)
 l - a +2 robe of fire resistance
 w - +0 swamp dragon scales
 z - the +0 pair of boots of Evolution {Fly rElec rF+ Dex-4}
   (You bought it in a shop on level 2 of the Orcish Mines)

   Dex-4:     It affects your dexterity (-4).
   rF+:       It protects you from fire.
   rElec:     It insulates you from electricity.
   Fly:       It grants you flight.
 C - the +0 robe of the Harvest Moon (worn) {Regen+ Int+6 Dex+2 Stlth+}
   (You took it off a kobold on level 4 of the Dungeon)

   Int+6:     It affects your intelligence (+6).
   Dex+2:     It affects your dexterity (+2).
   Regen+:    It increases your rate of health regeneration.
   Stlth+:    It makes you more stealthy.
 D - a scarf of invisibility (worn)
 S - a +2 pair of boots of flying (worn)
Jewellery
 d - a ring of willpower
 r - an amulet of regeneration (around neck)
 J - a ring of positive energy (right hand)
 Q - a ring of ice
 R - a +6 ring of dexterity (left hand)
Talismans
 e - a granite talisman
Wands
 o - a wand of mindburst (31)
 P - a wand of light (11)
Scrolls
 g - a scroll of vulnerability {unknown}
 j - a scroll of fog
 n - 2 scrolls of silence
 v - 5 scrolls of fear
 B - 4 scrolls of poison
 H - 2 scrolls of revelation {unknown}
 K - 3 scrolls of amnesia
 L - 3 scrolls of summoning
 N - 3 scrolls of enchant armour {unknown}
 O - a scroll of acquirement {unknown}
 V - 3 scrolls of immolation
 Y - a scroll of blinking {unknown}
Potions
 b - 4 potions of magic
 f - a potion of ambrosia {unknown}
 q - 5 potions of lignification
 s - 7 potions of curing
 t - 8 potions of heal wounds
 u - 3 potions of might
 x - 2 potions of berserk rage {unknown}
 G - 2 potions of brilliance {unknown}
 I - 2 potions of cancellation {unknown}
 M - 3 potions of invisibility
 W - 2 potions of degeneration {unknown}
 X - a potion of mutation
Miscellaneous
 U - a phial of floods
 Z - a box of beasts


   Skills:
 - Level 12.0 Fighting
 - Level 4.0 Long Blades
 - Level 4.0 Ranged Weapons
 - Level 12.0 Armour
 - Level 7.0 Dodging
 - Level 4.0 Stealth
 * Level 7.4 Shields
 - Level 10.0 Spellcasting
 - Level 6.0 Conjurations
 - Level 12.0 Necromancy
 - Level 12.0 Earth Magic


You had 15 spell levels left.
You knew the following spells:

 Your Spells              Type           Power      Damage    Failure   Level
a - Borgnjor's Vile Clut  Necr/Erth      39%        N/A       1%          5
b - Dispel Undead         Necr           78%        3d26      1%          4
c - Searing Ray           Conj           100%       2d8       1%          2
d - Vampiric Draining     Necr           78%        2d11      1%          3
e - Magic Dart            Conj           100%       1d8       1%          1
f - Cigotuvi's Dreadful   Necr/Alch/Air  88%        N/A       1%          2
z - Sublimation of Blood  Necr           78%        N/A       1%          2

Your spell library contained the following spells:

 Spells                   Type           Power      Damage    Failure   Level
 Kiss of Death            Conj/Necr      100%       2d13      1%          1
 Necrotise                Necr           100%       1d9       1%          1
 Shock                    Conj/Air       100%       1d9       1%          1
 Sting                    Conj/Alch      100%       1d9       1%          1
 Curse of Agony           Necr           78%        N/A       1%          5
 Apportation              Tloc           34%        N/A       3%          1
 Slow                     Hex            68%        N/A       3%          1
 Summon Small Mammal      Summ           68%        N/A       3%          1
 Anguish                  Hex/Necr       27%        N/A       3%          4
 Martyr's Knell           Necr/Summ      55%        N/A       3%          4
 Death Channel            Necr           39%        N/A       3%          6
 Call Imp                 Summ           34%        N/A       5%          2
 Fulminant Prism          Conj/Alch      18%        3d10      10%         4
 Iskenderun's Mystic Bla  Conj/Tloc      37%        2d9       10%         4
 Confusing Touch          Hex            17%        N/A       11%         3
 Gell's Gravitas          Tloc           17%        N/A       11%         3
 Sigil of Binding         Hex            17%        N/A       11%         3
 Teleport Other           Tloc           17%        N/A       11%         3
 Tukima's Dance           Hex            17%        N/A       11%         3
 Airstrike                Air            8%         2d(2-18)  34%         4
 Dimensional Bullseye     Hex/Tloc       8%         N/A       34%         4
 Passage of Golubria      Tloc           17%        N/A       34%         4
 Silence                  Hex/Air        8%         N/A       67%         5
 Dispersal                Tloc           8%         N/A       99%         6
 Lehudib's Crystal Spear  Conj/Erth      33%        10d9      99%         8
 Summon Hydra             Summ           8%         N/A       100%        7
 Animate Dead             Necr           Unusable   N/A       N/A         4
 Swiftness                Air            Unusable   N/A       N/A         3

Dungeon Overview and Level Annotations

Branches:
Dungeon (11/15)            Temple (1/1) D:7            Lair (5/5) D:8
 Shoals (0/4) Lair:3       Spider (0/4) Lair:3        Slime (0/5) Lair:4
    Orc (2/2) D:9             Elf (0/3) Orc:2        Bailey (visited)
Volcano (visited)

Altars:
Ashenzari
Cheibriados
Dithmenos
Elyvilon
Fedhas
Gozag
Hepliaklqana
Kikubaaqudgha
Makhleb
Nemelex Xobeh
Okawaru
Qazlal
Ru
Sif Muna
Trog
Uskayaw
Vehumet
Wu Jian
Xom
Yredelemnul
Zin
The Shining One

Shops:
D:5 =   D:6 [   Orc:1 ?   Orc:2 =?([


Innate Abilities, Weirdness & Mutations

You cannot be hasted, slowed, berserked, paralysed or teleported.
You can dig through walls and to a lower floor.
You have a pair of large antennae on your head. (SInv)
Your four strong arms can wield two-handed weapons with a shield.
You passively map a small area around you.


Message History

The five-headed hydra struggles to escape constriction.
You shoot an arrow. The komodo dragon hisses angrily.
The arrow hits the five-headed hydra!!
You kill the five-headed hydra!
Casting: Borgnjor's Vile Clutch (mildly dangerous; 1% risk of failure)
Confirm with . or Enter, or press ? or * to list all spells.
You don't have enough magic to cast this spell.
You shoot an arrow. The arrow hits the komodo dragon!!
The komodo dragon is heavily wounded.
Casting: Borgnjor's Vile Clutch (mildly dangerous; 1% risk of failure)
Confirm with . or Enter, or press ? or * to list all spells.
You don't have enough magic to cast this spell.
You shoot an arrow. The arrow hits the komodo dragon.
The komodo dragon is severely wounded.
Casting: Borgnjor's Vile Clutch (mildly dangerous; 1% risk of failure)
Confirm with . or Enter, or press ? or * to list all spells.
You don't have enough magic to cast this spell.
You shoot an arrow.
The arrow barely misses the komodo dragon.
A polar bear comes into view.
The komodo dragon bites you!!
The komodo dragon is distracted by your dazzling golden aura.
The komodo dragon is no longer distracted by gold.
Casting: Borgnjor's Vile Clutch (mildly dangerous; 1% risk of failure)
Confirm with . or Enter, or press ? or * to list all spells.
You draw magical energy from your own body!
The komodo dragon bites you!!
Casting: Sublimation of Blood (safe; 1% risk of failure)
Confirm with . or Enter, or press ? or * to list all spells.
Aiming: Borgnjor's Vile Clutch (mildly dangerous; 1% risk of failure)
Press: ? - help, Shift-Dir - straight line, f/p - komodo dragon
Aim: a komodo dragon (severely wounded, 100% to hit)
Zombie hands grab the komodo dragon.
The zombie hands constrict the komodo dragon, but do no damage.
The komodo dragon bites you!!
You die...
Your body crumbles into a pile of gold.

##...# #.$.h.......#
.....# #######P...#.#.#..#
....####)P..##P./.####...#
*
#....##....P..P..#.##*#..#
* .................##.##
.## *
..P....P....P....###.##..#
* #...............##
##....####.,
###..##P#....#..l#
##........
##############@# #...##..P
### ##### *


You could see a komodo dragon (clutched).

Vanquished Creatures
  Gastronok (D:8)
  2 orc warlords
  The ghost of Lamaleuchte the Destroyer, a journeyman GnCj of Gozag (Lair:4)
  Snorg (Lair:3)
  2 catoblepae
  6 hydras
  A two-headed ogre (D:10)
  A boulder beetle (Orc:2)
  A dancing weapon (Volcano)
  2 occultists (Volcano)
  4 orc high priests (Orc:2)
  A pharaoh ant (Lair:3)
  A skyshark (Lair:3)
  A deep troll (Lair:4)
  A sea snake (Lair:5)
  An orc knight (Orc:2)
  3 orc sorcerers
  An ugly thing (D:10)
  A manticore (Lair:5)
  4 elephants
  12 kobold blastminers
  2 black mambas
  5 toenail golems (Volcano)
  A merfolk siren (Lair:3)
  2 gargoyles (D:11)
  9 cane toads
  An unseen horror (D:10)
  A catoblepas zombie (Lair:2)
  3 rime drakes (Lair:2)
  Maggie (D:7)
  3 komodo dragons
  Psyche (D:8)
  A hornet (Lair:5)
  A wind drake (Lair:5)
  4 polar bears
  5 trolls
  A tarantella (Lair:3)
  Grinder (D:5)
  5 dream sheep (Lair:3)
  17 blink frogs
  2 snapping turtles (Lair:5)
  49 yaks
  Sigmund (D:4)
  7 wyverns
  2 wraiths (D:10)
  Grum (D:9)
  4 wargs
  5 humans (Volcano)
  4 steam dragons
  2 basilisks
  Menkaure (D:7)
  5 vampire mosquitoes (D:10)
  A two-headed ogre zombie (D:10)
  Duvessa (D:6)
  A cane toad zombie (Lair:2)
  8 water moccasins
  An ice beast (D:3)
  A sky beast (D:7)
  2 black bears
  25 orc warriors
  3 wolves (D:9)
  9 ogres
  6 centaurs (D:11)
  3 phantoms
  11 kobold brigands
  18 bullfrogs
  Blork the orc (D:6)
  A gnoll sergeant (D:11)
  6 scorpions
  10 wights
  Dowan (D:6)
  2 yak zombies
  12 killer bees
  A howler monkey (D:10)
  5 electric eels (Lair:4)
  3 hounds (D:5)
  A centaur zombie (D:11)
  7 jellies
  4 bombardier beetles
  A gnoll bouda (D:4)
  7 orc priests
  A sleepcap (D:6)
  An iguana (D:6)
  Ijyb (D:4)
  19 orc wizards
  3 killer bee zombies
  Robin (D:4)
  11 gnolls
  8 adders
  2 steam dragon zombies
  A shadow imp (D:7)
  2 white imps
  2 ufetubi (D:6)
  2 ribbon worms
  3 dart slugs
  86 orcs
  4 bats (D:2)
  4 endoplasms
  2 giant cockroaches
  A gnoll zombie (D:11)
  14 hobgoblins
  5 quokkas
  4 ball pythons
  3 frilled lizards
  22 goblins
  33 kobolds
  2 kobold zombies (Bailey)
  2 orc zombies
  5 rats
  A butterfly (Lair:1)
592 creatures vanquished.

Notes
Turn   | Place    | Note
-------+----------+-------------------------------------------
     0 | D:1      | DildoBatman the Formicid Conjurer began the quest for the
                  | Orb.
     0 | D:1      | Reached XP level 1. HP: 13/13 MP: 3/3
   234 | D:1      | Reached XP level 2. HP: 20/20 MP: 0/5
   237 | D:1      | Learned a level 2 spell: Searing Ray
   545 | D:1      | Reached XP level 3. HP: 25/25 MP: 6/6
   908 | D:2      | Reached skill level 1 in Fighting
  1044 | D:2      | Reached skill level 1 in Armour
  1212 | D:2      | Learned a level 3 spell: Vampiric Draining
  1634 | D:3      | Reached XP level 4. HP: 32/32 MP: 4/7
  2415 | D:4      | Noticed an ice beast
  2529 | D:4      | Noticed a scorpion
  2554 | D:4      | Killed a scorpion
  2555 | D:4      | Reached skill level 1 in Shields
  2555 | D:4      | Reached XP level 5. HP: 13/38 MP: 0/9
  2580 | D:4      | Identified the +0 robe of the Harvest Moon {Regen+ Int+6
                  | Dex+2 Stlth+}
  2822 | D:4      | Reached XP level 6. HP: 44/44 MP: 5/10
  3155 | D:4      | Noticed Sigmund
  3483 | D:4      | Noticed Ijyb
  3640 | D:4      | Reached XP level 7. HP: 51/51 MP: 8/11
  4009 | D:5      | Entered Level 5 of the Dungeon
  4030 | D:5      | Found Quepeasm's Jewellery Emporium.
  4723 | D:5      | Noticed Grinder
  5100 | D:5      | Reached XP level 8. HP: 56/59 MP: 4/13
  5599 | D:6      | Found a shadowy altar of Dithmenos.
  5604 | D:6      | Found an ancient bone altar of Kikubaaqudgha.
  5612 | D:6      | Became a worshipper of Kikubaaqudgha
  5620 | D:6      | Reached skill level 5 in Conjurations
  5626 | D:6      | Found a snail-covered altar of Cheibriados.
  5824 | D:4      | Noticed Robin
  5828 | D:4      | Killed Robin
  5939 | D:4      | Killed Ijyb
  6010 | D:4      | Killed Sigmund
  6247 | D:5      | Killed Grinder
  6248 | D:5      | Reached skill level 5 in Fighting
  6248 | D:5      | Reached skill level 5 in Armour
  6248 | D:5      | Reached skill level 5 in Spellcasting
  6248 | D:5      | Reached XP level 9. HP: 59/68 MP: 6/16
  6288 | D:6      | Noticed Dowan
  6330 | D:6      | Noticed Duvessa
  6443 | D:6      | Reached * piety under Kikubaaqudgha
  6443 | D:6      | Received a gift from Kikubaaqudgha
  6444 | D:6      | Reached skill level 1 in Necromancy
  6456 | D:6      | Learned a level 2 spell: Sublimation of Blood
  6461 | D:6      | Learned a level 4 spell: Dispel Undead
  6464 | D:6      | Learned a level 2 spell: Cigotuvi's Dreadful Rot
  6487 | D:6      | Found Urousm's Antique Armour Shoppe.
  6679 | D:6      | Found a hazy altar of Hepliaklqana.
  6692 | D:6      | Found a faded altar of an unknown god.
  6692 | D:6      | Found a bloodstained altar of Trog.
  6697 | D:6      | Found a sacrificial altar of Ru.
  6699 | D:6      | Found a radiant altar of Vehumet.
  6701 | D:6      | Found a faded altar of an unknown god.
  6806 | D:6      | Noticed Blork the orc
  6904 | D:6      | Killed Blork the orc
  7089 | D:6      | Found the +7 Throatcutter {drain, coup de grace}
  7110 | D:6      | Reached skill level 5 in Necromancy
  7132 | D:6      | Reached ** piety under Kikubaaqudgha
  7259 | D:6      | Killed Duvessa
  7312 | D:6      | Reached XP level 10. HP: 72/74 MP: 19/19
  7328 | D:6      | Killed Dowan
  7346 | D:7      | Noticed Maggie
  7356 | D:7      | Killed Maggie
  7475 | D:7      | Reached skill level 1 in Long Blades
  7715 | D:7      | Noticed Menkaure
  7722 | D:7      | Killed Menkaure
  7890 | D:7      | Found a staircase to the Ecumenical Temple.
  7906 | Temple   | Entered the Ecumenical Temple
  8178 | D:8      | Noticed Psyche
  8185 | D:8      | Killed Psyche
  8365 | D:8      | Noticed Gastronok
  8522 | D:8      | Found a staircase to the Lair.
  8778 | D:8      | Reached *** piety under Kikubaaqudgha
  8778 | D:8      | Received a gift from Kikubaaqudgha
  8788 | D:8      | Fell from the grace of Kikubaaqudgha
  8855 | Temple   | Became a worshipper of Gozag Ym Sagoz the Greedy
  8971 | D:8      | Found a shimmering blue altar of Sif Muna.
  9085 | D:8      | Found an ornate altar of the Wu Jian Council.
  9096 | D:8      | Reached skill level 10 in Necromancy
  9343 | D:9      | Found a flagged portal.
  9360 | D:9      | Found a staircase to the Orcish Mines.
  9396 | D:9      | Reached XP level 11. HP: 77/79 MP: 20/20
  9405 | D:9      | Noticed Grum
  9419 | D:9      | Killed Grum
  9577 | Bailey   | Entered a bailey
  9597 | Bailey   | Noticed an orc warlord
  9776 | Bailey   | Found a runed translucent gate.
  9776 | Bailey   | Found a runed translucent gate.
  9777 | Bailey   | Found a runed translucent gate.
 10385 | Bailey   | Killed an orc warlord
 10484 | D:9      | Reached skill level 5 in Dodging
 10484 | D:9      | Reached XP level 12. HP: 82/82 MP: 22/25
 10810 | D:10     | Entered Level 10 of the Dungeon
 10854 | D:10     | Found a white marble altar of Elyvilon.
 11299 | D:10     | Noticed a two-headed ogre
 11321 | D:10     | Killed a two-headed ogre
 11322 | D:10     | Reached skill level 10 in Armour
 11985 | D:10     | Learned a level 5 spell: Borgnjor's Vile Clutch
 12140 | D:11     | Reached skill level 1 in Earth Magic
 12148 | D:11     | Reached XP level 13. HP: 91/93 MP: 26/26
 12522 | D:11     | Reached skill level 5 in Earth Magic
 12891 | Lair:1   | Entered Level 1 of the Lair of Beasts
 13101 | Lair:1   | Identified the +1 robe of the Gate {rF+}
 13217 | Lair:1   | Identified the +6 orcbow "Hisita" {heavy, rPois rN+ Int+2
                  | Stlth-}
 13857 | Lair:2   | Reached skill level 10 in Earth Magic
 13911 | Lair:2   | Noticed a five-headed hydra
 13915 | Lair:2   | Killed a five-headed hydra
 14240 | Lair:2   | Noticed a catoblepas
 14246 | Lair:2   | Killed a catoblepas
 14567 | Lair:3   | Reached XP level 14. HP: 82/95 MP: 19/27
 14597 | Lair:3   | Found a hole to the Spider Nest.
 14877 | Lair:3   | Was forgiven by Kikubaaqudgha
 14892 | Lair:3   | Reached skill level 10 in Spellcasting
 14927 | Lair:3   | Noticed Snorg
 14933 | Lair:3   | Killed Snorg
 14942 | Lair:3   | Found a staircase to the Shoals.
 15596 | D:8      | Killed Gastronok
 15720 | Orc:1    | Entered Level 1 of the Orcish Mines
 15777 | Orc:1    | Found Yxennumm's Magic Scroll Boutique.
 16124 | Orc:1    | Bought a scroll of identify for 26 gold pieces
 16124 | Orc:1    | Bought 2 scrolls of identify for 52 gold pieces
 16124 | Orc:1    | Bought a scroll of identify for 26 gold pieces
 16124 | Orc:1    | Bought a scroll of immolation for 52 gold pieces
 16139 | Orc:2    | Entered Level 2 of the Orcish Mines
 16164 | Orc:2    | Found a staircase to the Elven Halls.
 16705 | Orc:2    | Reached skill level 1 in Ranged Weapons
 16803 | Orc:2    | Found Imo Cyesan's Jewellery Boutique.
 17026 | Orc:2    | Found Eqiog's Magic Scroll Boutique.
 17031 | Orc:2    | Bought a scroll of identify for 26 gold pieces
 17031 | Orc:2    | Bought a scroll of identify for 26 gold pieces
 17033 | Orc:2    | Gained mutation: You passively map a small area around you.
                  | [potion of mutation]
 17151 | Orc:2    | Noticed an orc warlord
 17177 | Orc:2    | Killed an orc warlord
 17250 | Orc:2    | Found Lesiunu's Antique Weapon Shoppe.
 17256 | Orc:2    | Found Ceethria's Antique Armour Emporium.
 17261 | Orc:2    | Bought a pair of smouldering boots for 180 gold pieces
 17261 | Orc:2    | Identified the +0 pair of boots of Evolution {Fly rElec rF+
                  | Dex-4} (You bought it in a shop on level 2 of the Orcish
                  | Mines)
 17304 | Orc:2    | Reached XP level 15. HP: 109/112 MP: 24/29
 17678 | Lair:4   | Found a runed translucent door.
 17681 | Lair:4   | Noticed Lamaleuchte's ghost (journeyman GnCj)
 17720 | Lair:4   | Killed Lamaleuchte's ghost
 17721 | Lair:4   | Reached skill level 10 in Fighting
 17758 | Lair:4   | Found a dark tunnel.
 17778 | Volcano  | Entered a volcano
 18559 | Lair:4   | Found a staircase to the Slime Pits.
 19152 | Lair:5   | Entered Level 5 of the Lair of Beasts
 19181 | Lair:5   | Reached skill level 5 in Shields
 19370 | Lair:5   | Demolished by a komodo dragon

Illustrated notes

Levels and vault maps discovered:
D:1:      eino_arrival_tree_alley, layout_rooms, serial_curves, eino_curves_01,
          eino_curves_02, minmay_misc_feat_tiny
D:2:      layout_loops_corners, kennysheep_generic_room_13
D:3:      layout_loops_ring
D:4:      layout_basic, kennysheep_small_circle, uniq_robin, uniq_sigmund,
          uniq_ijyb
D:5:      layout_cave_pods, serial_shops, shop, uniq_grinder
D:6:      layout_rooms, chequers_temple_overflow_minitemple,
          minmay_overflow_temple_star_quad, nicolae_hepliaklqana_hazy_memory,
          serial_shops, nicolae_shop_tiny_real_fake_doors,
          chequers_serial_rivers_micro_d, dilly_guarded_unrand_throatcut,
          uniq_duvessa, uniq_blork_the_orc
D:7:      layout_rooms, minmay_temple_entry_statues, kennysheep_generic_room_11,
          uniq_menkaure, uniq_maggie
D:8:      layout_basic, led_sif_pool, nicolae_wu_jian_glorious_leap,
          lair_entry_dummy, uniq_psyche, uniq_gastronok
D:9:      layout_gridville, orc_0_dummy, enter_bailey_5, uniq_grum
D:10:     layout_stronghold, elyvilon_altar_4, minmay_misc_feat_more_columns,
          st_stairs_10, minmay_statues_item,
          serial_library_hellmonk_filled_rooms, minmay_puff
D:11:     layout_roguey
Temple:   nicolae_temple_x_marks_the_god
Lair:1:   layout_cellular_growth, nicolae_quartered_pool_little,
          chequers_serial_rivers_micro_c, lemuel_fruit_fields
Lair:2:   layout_loops_ring, grunt_megastairs_2, lemuel_fruit_tree,
          infiniplex_staircase_pool_2
Lair:3:   layout_chaotic_city, minmay_shoals_entry_lonely_mermaid,
          nicolae_spider_entry_lesser_pyramids, nicolae_lair_grazing_beasts
          [nicolae_sub_lair_graze_edge, nicolae_sub_lair_graze_edge,
          nicolae_sub_lair_graze_edge, nicolae_sub_lair_graze_edge], uniq_snorg
Lair:4:   dreamdust_cave_troll, layout_long_grid,
          nicolae_slime_entry_field_trip, nicolae_volcano_entry_lava_flow,
          gammafunk_ghost_grave, serial_bayou_lake_a, grunt_megastairs_1
Lair:5:   gammafunk_lair_ancient_temple, layout_loops_ring,
          chequers_serial_rivers_marsh, bobbens_dragon_lair_wall
Orc:1:    layout_caves, serial_shops, shop
Orc:2:    grunt_orc_community_town_hall, layout_caves,
          grunt_orc_community_big_house_2, grunt_orc_community_big_house_2,
          grunt_orc_community_house_2, grunt_orc_community_house_2,
          grunt_orc_community_house_2, grunt_orc_community_house_2,
          blackcustard_rock_pile

Skill      XL: |  1  2  3  4  5  6  7  8  9 10 11 12 13 14 15 |
---------------+----------------------------------------------+-----
Dodging        | 2 3 5 6 7 |  7.0
Stealth        | 3 4 |  4.0
Fighting       | 1 2 3 5 8 12 | 12.0
Armour         | 1 2 3 5 8 10 12 | 12.0
Shields        | 1 3 7 |  7.4
Conjurations   | 4 5 6 |  6.0
Spellcasting   | 3 5 6 9 10 | 10.0
Necromancy     | 6 10 11 12 | 12.0
Long Blades    | 4 |  4.0
Earth Magic    | 2 12 | 12.0
Ranged Weapons | 3 4 |  4.0

Action                     |  1- 3 |  4- 6 |  7- 9 | 10-12 | 13-15 || total
---------------------------+-------+-------+-------+-------+-------++-------
  Melee: Unarmed           |     7 |       |       |       |       ||     7
         Dagger            |     2 |       |     5 |       |       ||     7
         Quarterstaff      |       |     3 |       |       |       ||     3
         Trident           |       |       |    48 |    24 |       ||    72
         Long sword        |       |       |     9 |   257 |   214 ||   480
   Fire: Sling             |    56 |    61 |    18 |       |       ||   135
         Orcbow            |       |       |       |       |   385 ||   385
  Throw: Dart              |       |     1 |       |       |       ||     1
   Cast: Magic Dart        |    34 |    23 |    25 |    14 |     2 ||    98
         Searing Ray       |     2 |    16 |    53 |    27 |     1 ||    99
         Dispel Undead     |       |       |       |    16 |    20 ||    36
         Sublimation of Bl |       |       |       |     7 |    53 ||    60
         Vampiric Draining |       |       |       |     8 |     4 ||    12
         Borgnjor's Vile C |       |       |       |       |   190 ||   190
 Invoke: Renounce Religion |       |       |       |     1 |       ||     1
Ability: Dig               |       |       |       |     3 |     5 ||     8
  Evoke: Wand              |       |       |     2 |       |       ||     2
    Use: Potion            |       |     1 |     1 |     1 |     3 ||     6
         Scroll            |       |       |     6 |     1 |     8 ||    15
   Stab: Distracted        |       |       |     1 |     2 |     1 ||     4
         Sleeping          |       |       |     6 |     2 |     2 ||    10
 Armour: Robe              |    14 |    38 |    79 |   201 |   303 ||   635
  Dodge: Dodged            |    16 |    31 |    85 |   202 |   372 ||   706
  Block: Buckler           |       |     3 |    25 |    69 |   120 ||   217
